 Dungeon Crawl Stone Soup version 0.26-a0-778-g3fe0686644 (webtiles) character file.

Game seed: 5647315288235212177

3593 marklar909 the Demolition Draconian (level 9, -11/78 HPs)
             Began as a Green Draconian Monk on Nov 9, 2020.
             Was an Elder of Makhleb.
             Mangled by a basilisk (15 damage)
             ... on level 8 of the Dungeon.
             The game lasted 00:20:05 (9968 turns).

marklar909 the Demolition Draconian (DrMo)          Turns: 9968, Time: 00:20:06

Health: -11/78     AC:  7    Str: 17    XL:     9   Next: 85%
Magic:  14/14      EV: 15    Int: 10    God:    Makhleb [****..]
Gold:   450        SH:  0    Dex: 14    Spells: 8/8 levels left

rFire    . . .     SeeInvis .     - Unarmed
rCold    + . .     Faith    +   (no shield)
rNeg     . . .     Spirit   .   (armour unavailable)
rPois    +         Reflect  .   (helmet restricted)
rElec    .         Harm     .   (no cloak)
rCorr    .         Rampage  .   (no gloves)
MR       .....                  (no boots)
Stlth    +++.......             t - amulet of faith
HPRegen  0.23/turn              d - ring of protection from fire
MPRegen  0.14/turn              m - ring of ice

@: about to teleport
A: breathe noxious fumes, unfitting armour, poison resistance, cold-blooded, AC
+7
a: Breathe Noxious Fumes, Minor Destruction, Lesser Servant of Makhleb, Major
Destruction, Renounce Religion


You were on level 8 of the Dungeon.
You worshipped Makhleb.
Makhleb was greatly pleased with you.
You visited 1 branch of the dungeon, and saw 8 of its levels.
You also visited: Sewer.

You collected 515 gold pieces.
You spent 65 gold pieces at shops.

Inventory:

Hand Weapons
 a - a +3 shortbow
Missiles
 x - 33 poisoned darts (quivered)
 A - 82 arrows
Jewellery
 d - a ring of protection from fire (left hand)
 m - a ring of ice (right hand)
 t - an amulet of faith (around neck)
 v - an uncursed amulet of guardian spirit {unknown}
 E - an uncursed amulet of the acrobat {unknown}
Wands
 r - a wand of digging (7)
 w - a wand of disintegration (3)
Scrolls
 c - 3 scrolls of amnesia
 e - a scroll of teleportation
 g - 10 scrolls of identify
 i - 3 scrolls of remove curse
 o - 2 scrolls of fog
 s - a scroll of immolation {unknown}
 u - a scroll of blinking
 C - 4 scrolls of enchant weapon
Potions
 b - a potion of resistance
 f - a potion of cancellation {unknown}
 h - a potion of attraction {unknown}
 j - 3 potions of haste {unknown}
 k - 2 potions of berserk rage {unknown}
 l - 3 potions of degeneration {unknown}
 n - 2 potions of brilliance {unknown}
 p - 3 potions of flight {unknown}
 q - 3 potions of curing
 y - 2 potions of heal wounds
 z - 2 potions of ambrosia {unknown}
 D - a potion of mutation {unknown}


   Skills:
 * Level 6.9 Fighting
 + Level 3.3 Bows
 + Level 3.3 Throwing
 * Level 5.9 Dodging
 + Level 4.4 Stealth
 + Level 6.9 Unarmed Combat
 * Level 7.4 Invocations
 + Level 1.0 Evocations


You had 8 spell levels left.
You didn't know any spells.
Your spell library was empty.

Dungeon Overview and Level Annotations

Branches:
Dungeon (8/15)             Temple (0/1) D:7            Lair (0/6) D:8
  Sewer (visited)

Altars:
Dithmenos
Fedhas
Makhleb
Vehumet
Wu Jian
Yredelemnul
Zin
The Shining One

Shops:
D:8 ?

Annotations:
D:7 4 transporters, Sekkong's ghost, novice MiBe


Innate Abilities, Weirdness & Mutations

You can breathe blasts of noxious fumes.
Your lurid green scales are hard. (AC +7)
You cannot fit into any form of body armour.
Your system is resistant to poisons. (rPois)
You are cold-blooded and may be slowed by cold attacks.


Message History

You resist with some effort. The basilisk gazes at you.
You resist with some effort. The howler monkey skeleton hits you.
The basilisk gazes at you. You resist with some effort.
The basilisk gazes at you. You resist with some effort.
The howler monkey skeleton hits you. The basilisk gazes at you.
You resist with some effort. The basilisk bites you!
* * * LOW HITPOINT WARNING * * *
The howler monkey skeleton hits you.
* * * LOW HITPOINT WARNING * * *
You turn to flesh and can move again.
Unknown command.
As you read the scroll of teleportation, it crumbles to dust.
You feel strangely unstable. The basilisk bites you!
* * * LOW HITPOINT WARNING * * *
The howler monkey skeleton misses you. The basilisk bites you!
You die...

#........... #.#
##............ #.#
#.....>......# #.#
#............#.# #.#
#..........#...# #.#
#.#.P.)P[.##.#.# #[#
#l#)...P..##.#.# #<#
#Z##.....##..#.# #.####
#.###.@l####.#.# #>....
#.....lZ.......###..###
##....Y................
#.######..########..♣.
#..).........†.†..♣.∩.
########.......†....♣#
#...######...# #...#
#...# #.>.# #...#


You could see an elephant, 2 basilisks and a howler monkey skeleton.

Vanquished Creatures
  Pikel (D:8)
  A troll (D:8)
  2 wyverns (D:8)
  Edmund (D:5)
  A sky beast (D:5)
  An orc warrior (D:8)
  An ice beast (D:5)
  2 ogres (D:4)
  3 centaurs
  2 lemures (D:8)
  A big kobold (Sewer)
  A bullfrog (D:7)
  3 scorpions
  4 killer bees (D:7)
  A howler monkey (D:8)
  5 wights
  A quasit (D:5)
  3 hounds
  A gnoll shaman (D:7)
  An orc priest (D:3)
  A bullfrog skeleton (D:6)
  A centaur skeleton (D:6)
  3 jellies
  An iguana (D:5)
  7 orc wizards
  5 worker ants (D:4)
  A killer bee zombie (D:7)
  A hound skeleton (D:6)
  2 worker ant zombies
  2 howler monkey skeletons
  2 adders
  7 gnolls
  A river rat (Sewer)
  2 white imps
  An ufetubus (D:7)
  3 oozes
  A dart slug (D:1)
  6 leopard geckos
  16 orcs
  4 bats
  11 giant cockroaches
  5 goblins
  9 hobgoblins
  5 jackals
  2 quokkas
  A ball python (D:4)
  2 frilled lizards
  11 kobolds
  A quokka skeleton (D:4)
  11 rats
161 creatures vanquished.

Vanquished Creatures (collateral kills)
  A water moccasin (D:5)
  2 wights
  A killer bee (D:7)
4 creatures vanquished.

Vanquished Creatures (others)
  A phantom (D:5)
  9 plants
10 creatures vanquished.

Grand Total: 175 creatures vanquished

Notes
Turn   | Place    | Note
-------+----------+-------------------------------------------
     0 | D:1      | marklar909 the Draconian Monk began the quest for the Orb.
     0 | D:1      | Reached XP level 1. HP: 19/19 MP: 1/1
   233 | D:1      | Reached XP level 2. HP: 25/26 MP: 2/2
   420 | D:1      | Reached XP level 3. HP: 18/33 MP: 3/3
  1827 | D:2      | Reached XP level 4. HP: 25/40 MP: 4/4
  2343 | D:2      | Reached skill level 1 in Throwing
  2726 | D:3      | Found a burning altar of Makhleb.
  2787 | D:3      | Became a worshipper of Makhleb the Destroyer
  2787 | D:3      | Reached * piety under Makhleb
  2787 | D:3      | Reached ** piety under Makhleb
  2898 | D:3      | Found a glowing drain.
  2937 | Sewer    | Entered a sewer
  2992 | Sewer    | Noticed a big kobold
  3015 | Sewer    | Killed a big kobold
  3015 | Sewer    | Reached skill level 1 in Invocations
  3015 | Sewer    | Reached XP level 5. HP: 42/46 MP: 5/5
  3086 | Sewer    | Found a glowing silver altar of Zin.
  3489 | D:3      | Reached XP level 6. HP: 29/52 MP: 7/7
  4023 | D:3      | Found a glowing silver altar of Zin.
  4028 | D:3      | Found an ornate altar of the Wu Jian Council.
  4031 | D:3      | Found a shadowy altar of Dithmenos.
  4685 | D:4      | Reached skill level 2 in Invocations
  5020 | D:4      | Your scales start taking on a lurid green colour.
  5020 | D:4      | Reached XP level 7. HP: 33/60 MP: 8/8
  5020 | D:4      | Gained mutation: Your system is resistant to poisons.
                  | (rPois) [Green Draconian growth]
  5231 | D:4      | Reached skill level 5 in Unarmed Combat
  5528 | D:4      | Reached skill level 5 in Fighting
  5654 | D:5      | Entered Level 5 of the Dungeon
  5711 | D:5      | Reached skill level 3 in Invocations
  6000 | D:5      | Reached XP level 8. HP: 63/68 MP: 10/10
  6046 | D:5      | Noticed Edmund
  6082 | D:5      | Killed Edmund
  6082 | D:5      | Reached *** piety under Makhleb
  6565 | D:5      | Found a basalt altar of Yredelemnul.
  6567 | D:5      | Noticed a profane servitor
  6572 | D:5      | Found a glowing golden altar of the Shining One.
  6575 | D:5      | Noticed an angel
  6636 | D:5      | Reached skill level 4 in Invocations
  7023 | D:6      | Found a blossoming altar of Fedhas.
  7226 | D:5      | Reached skill level 1 in Bows
  7226 | D:5      | Reached skill level 5 in Dodging
  7435 | D:5      | Reached skill level 5 in Invocations
  8213 | D:7      | Reached XP level 9. HP: 75/75 MP: 13/13
  8227 | D:7      | Found a transporter.
  8487 | D:7      | Reached skill level 6 in Invocations
  8676 | D:7      | Found a staircase to the Ecumenical Temple.
  8766 | D:7      | Identified the +1 ring mail of the Flute {MP-9 Str+8 Dex+2}
  8790 | D:7      | Found a transporter.
  8838 | D:7      | Found a transporter.
  8952 | D:7      | Found a transporter.
  8956 | D:7      | Found a radiant altar of Vehumet.
  9171 | D:7      | Found a shadowy altar of Dithmenos.
  9220 | D:7      | Identified the ring of Feittuug {rElec rPois MR- Str+6
                  | Int+2}
  9227 | D:7      | Noticed Sekkong's ghost (novice MiBe)
  9303 | D:8      | Reached **** piety under Makhleb
  9498 | D:8      | Found Attour's Magic Scroll Shoppe.
  9498 | D:8      | Noticed a troll
  9518 | D:8      | Killed a troll
  9789 | D:8      | Bought a scroll of identify for 26 gold pieces
  9789 | D:8      | Bought a scroll of teleportation for 39 gold pieces
  9884 | D:8      | Noticed Pikel
  9884 | D:8      | Noticed an elephant
  9929 | D:8      | Killed Pikel
  9929 | D:8      | Reached skill level 7 in Invocations
  9929 | D:8      | Reached skill level 1 in Evocations
  9945 | D:8      | Found a staircase to the Lair.
  9968 | D:8      | Mangled by a basilisk

Illustrated notes

Levels and vault maps discovered:
D:1:      eino_arrival_cavern_b, layout_loops_ring
D:2:      layout_basic, serial_forest, infiniplex_forest_join,
          infiniplex_forest_clump_medium, infiniplex_forest_lined_4_way,
          infiniplex_forest_clump_C, infiniplex_forest_corner_1,
          infiniplex_forest_clump_small, infiniplex_forest_corner_1,
          infiniplex_forest_clump_double, infiniplex_forest_clump_large,
          infiniplex_forest_end_1, serial_bayou_pond_c
D:3:      layout_loops_ring, minmay_overflow_temple_star_quad,
          overflow_temple_1_default, portal_sewer_entry_f
D:4:      minmay_chambers_of_threes, layout_basic
D:5:      layout_rooms, grunt_temple_overflow_holy_war, uniq_edmund
D:6:      layout_layer_cave, fedhas_altar_1, hangedman_minor_gate_pass
D:7:      layout_loops_ring, gammafunk_temple_overflow_arena,
          minmay_temple_entry_nine_rooms, gammafunk_ghost_gnarly_gnolls,
          nicolae_dithmenos_through_a_glass_darkly
D:8:      layout_loops_ring, david_lair_generic, serial_shops,
          nicolae_shop_trees, uniq_pikel

Skill      XL: |  1  2  3  4  5  6  7  8  9 |
---------------+----------------------------+-----
Dodging        | 3 4 5 |  5.9
Stealth        | 2 3 4 |  4.4
Throwing       | 1 2 3 |  3.3
Fighting       | 4 5 6 |  6.9
Unarmed Combat | 4 5 6 |  6.9
Invocations    | 1 2 3 5 7 |  7.4
Bows           | 1 3 |  3.3
Evocations     | 1 |  1.0

Action                   |  1- 3 |  4- 6 |  7- 9 || total
-------------------------+-------+-------+-------++-------
Melee: Unarmed           |    97 |   159 |   258 ||   514
       Tailslap          |    13 |    20 |    32 ||    65
       Punch             |     3 |     3 |     6 ||    12
 Fire: Shortbow          |       |       |    84 ||    84
Throw: Dart              |    38 |    85 |    10 ||   133
Invok: Minor Destruction |       |     7 |    57 ||    64
       Lesser Servant of |       |       |     3 ||     3
 Abil: Breathe Noxious F |       |       |    35 ||    35
Evoke: Wand              |       |       |    15 ||    15
  Use: Scroll            |       |     4 |    12 ||    16
       Potion            |       |       |     1 ||     1
 Stab: Sleeping          |     3 |     2 |     4 ||     9
       Distracted        |       |     1 |       ||     1
       Confused          |       |       |    20 ||    20
Armor: Skin              |    19 |    41 |    48 ||   108
Dodge: Dodged            |    66 |   115 |   203 ||   384

Table legend: (Time is in decaauts)
 A = Elapsed time spent in this place.
 B = Non-inter-level travel time spent in this place.
 C = Inter-level travel time spent in this place.
 D = Time resting spent in this place.
 E = Time spent auto-exploring this place.
 F = Levels seen in this place.
 G = Mean time per level.
                   A        B        C        D        E       F      G
               +--------+--------+--------+--------+--------+-----+--------+
         Total |   9957 |   9669 |    288 |   1649 |   6354 |   9 | 1106.3 |
       Dungeon |   9740 |   9452 |    288 |   1649 |   6202 |   8 | 1217.5 |
         Sewer |    217 |    217 |      0 |      0 |    151 |   1 |  217.0 |
               +--------+--------+--------+--------+--------+-----+--------+

Top non-repeatable levels by time:
     D:4: 1801 daAuts
     D:5: 1597 daAuts
     D:2: 1523 daAuts
     D:7: 1319 daAuts
     D:1: 1277 daAuts
     D:3: 1125 daAuts
     D:6: 663 daAuts
     D:8: 432 daAuts
   Sewer: 217 daAuts
